 Dungeon Crawl Stone Soup version 0.19-a0-1091-g463c9de (webtiles) character file.

352 seren the Chopper (level 6, 0/55 HPs)
             Began as a Deep Dwarf Fighter on Aug 7, 2016.
             Slain by heinrich's ghost (6 damage)
             ... on level 4 of the Dungeon.
             The game lasted 00:15:10 (2435 turns).

seren the Chopper (Deep Dwarf Fighter)              Turns: 2435, Time: 00:15:11

Health: 0/55       AC: 11    Str: 21    XL:     6   Next: 34%
Magic:  6/6        EV:  9    Int:  9    God:
Gold:   64         SH:  5    Dex: 12    Spells: 0 memorised, 5 levels left

rFire  . . .     SeeInvis .     a - +0 war axe
rCold  . . .     Gourm    .     b - +0 scale mail
rNeg   . . .     Faith    .     r - +0 buckler
rPois  .         Spirit   .     p - +0 helmet
rElec  .         Dismiss  .     (no cloak)
rCorr  .         Reflect  .     y - +2 pair of gloves
SustAt .         Harm     .     (no boots)
MR     .....                    (no amulet)
Stlth  ..........               (no ring)
                                (no ring)

@: non-regenerating
A: damage resistance, recharge devices, sense surroundings 1, slow regeneration
3
a: Device Recharging


You were on level 4 of the Dungeon.
You were not hungry.

You visited 1 branch of the dungeon, and saw 4 of its levels.

You collected 172 gold pieces.
You spent 108 gold pieces at shops.

Inventory:

Hand Weapons
 a - a +0 war axe (weapon)
Armour
 b - a +0 scale mail (worn)
 c - a +0 shield
 p - a +0 helmet (worn)
 r - a +0 buckler (worn)
 y - a +2 pair of gloves (worn)
Wands
 e - a wand of heal wounds (0/9)
Scrolls
 h - a scroll of remove curse
 i - 8 scrolls of teleportation
 j - a scroll of blinking {unknown}
 k - 5 scrolls of identify
 m - a scroll of recharging {unknown}
 t - 2 scrolls of magic mapping {unknown}
 w - a scroll of noise {unknown}
Potions
 d - a potion of might
 l - a potion of lignification {unknown}
 o - a potion of invisibility
 u - a potion of haste {unknown}
 v - a potion of berserk rage
Books
 x - a book of Beasts

   Spells                             Type                      Level
   a - Summon Butterflies             Summoning                    1
   b - Call Canine Familiar           Summoning                    3
   c - Summon Ice Beast               Ice/Summoning                4
   d - Summon Mana Viper              Hexes/Summoning              5
   e - Summon Hydra                   Summoning                    7
Comestibles
 f - 4 bread rations
 g - 2 chunks of flesh
 n - a fruit
 q - 2 meat rations
 s - a royal jelly


   Skills:
 - Level 2.7 Fighting
 + Level 5.9 Axes
 - Level 4.4 Armour
 - Level 0.2 Dodging
 - Level 4.5 Shields


You had 5 spell levels left.
You didn't know any spells.

Dungeon Overview and Level Annotations

Branches:
Dungeon (4/15)
 Temple: D:4-7

Altars:
Ashenzari
Sif Muna

Shops:
D:4 [

Annotations:
D:2 Sigmund
D:4 heinrich's ghost, novice HuWn


Innate Abilities, Weirdness & Mutations

You are resistant to damage.
You can recharge devices by infusing magical energy.
You passively map a small area around you.
You do not regenerate naturally.


Message History

Heinrich's ghost is lightly damaged.
Heinrich's ghost closely misses you.
You closely miss heinrich's ghost.
Heinrich's ghost is lightly damaged.
Heinrich's ghost hits you.
You barely miss heinrich's ghost.
Heinrich's ghost is lightly damaged.
Heinrich's ghost hits you but does no damage. x2
You hit heinrich's ghost.
Heinrich's ghost is moderately damaged.
Heinrich's ghost barely misses you.
You slash heinrich's ghost!
Heinrich's ghost is heavily damaged.
Heinrich's ghost gestures at you while chanting.
The magic dart hits you!
* * * LOW HITPOINT WARNING * * *
You hit heinrich's ghost but do no damage.
Heinrich's ghost is heavily damaged.
Heinrich's ghost hits you!
You die...

,, ,, * * #... * , * #....
.# * * ##....., , , ...
....... , * , #...
*##....... , #....
#........ , ,
#....#####........
#......@W............... ,
,#.....####.............. *
..##...* #.............. ,
, #... #.............. ,
+#. ####* #W.............
.... #######..............
.....#....##..............
.....#....##..............
,.....#....##..............


You could see heinrich's ghost.

Vanquished Creatures
  A centaur (D:4)
  A water moccasin zombie (D:4)
  A centaur skeleton (D:4)
  An iguana (D:4)
  Ijyb (D:3)
  A worker ant zombie (D:3)
  Robin (D:2)
  2 adders (D:3)
  An ooze (D:2)
  2 worms
  2 dart slugs
  3 giant geckos
  An orc (D:3)
  4 bats
  4 giant cockroaches
  10 goblins
  17 hobgoblins
  12 jackals
  3 quokkas
  4 giant newts
  6 kobolds
  6 rats
84 creatures vanquished.

Notes
Turn   | Place    | Note
-------+----------+-------------------------------------------
     0 | D:1      | seren the Deep Dwarf Fighter began the quest for the Orb.
     0 | D:1      | Reached XP level 1. HP: 20/20 MP: 1/1
     0 | D:1      | Noticed a minotaur
     3 | D:1      | Noticed an elf
     7 | D:1      | Noticed a minotaur zombie
    10 | D:1      | Noticed a formicid
    16 | D:1      | Noticed a centaur
    18 | D:1      | Noticed a minotaur
   104 | D:1      | Reached XP level 2. HP: 18/27 MP: 2/2
   527 | D:1      | Reached XP level 3. HP: 15/33 MP: 3/3
   855 | D:2      | Noticed Sigmund
   929 | D:2      | Reached skill level 3 in Axes
  1260 | D:2      | Noticed Robin
  1266 | D:2      | Killed Robin
  1266 | D:2      | Reached XP level 4. HP: 40/40 MP: 4/4
  1370 | D:3      | Noticed Ijyb
  1383 | D:3      | Killed Ijyb
  1411 | D:3      | Found a deep blue altar of Sif Muna.
  1411 | D:3      | Found a shattered altar of Ashenzari.
  1683 | D:3      | Reached XP level 5. HP: 19/46 MP: 5/5
  1799 | D:3      | Reached skill level 4 in Axes
  2216 | D:4      | Noticed a centaur
  2224 | D:4      | Killed a centaur
  2224 | D:4      | Reached skill level 5 in Axes
  2224 | D:4      | Reached XP level 6. HP: 16/55 MP: 6/6
  2271 | D:4      | Found Kessuej's Antique Armour Shop.
  2274 | D:4      | Bought a pair of glowing gloves for 108 gold pieces
  2354 | D:4      | Noticed heinrich's ghost (novice HuWn)
  2435 | D:4      | Slain by heinrich's ghost

Vault maps used:
D:1:      shiori_arrival_whats_in_store_for_you, corexii_leaking_fountain,
          dk_noncrumbling_2
D:2:      first_bread, uniq_robin, uniq_sigmund
D:3:      gammafunk_temple_overflow_pools, uniq_iyjb
D:4:      makhleb_grotto_becter, serial_shops, nicolae_shop_behind_doors,
          eino_tiny_chamber

Skill      XL: |  1  2  3  4  5 |
---------------+----------------+-----
Shields        | 4 |  4.5
Axes           | 3 5 |  5.9
Armour         | 4 |  4.4
Fighting       | |  2.7
Dodging        | |  0.2

Action                   |  1- 3 |  4- 6 || total
-------------------------+-------+-------++-------
Melee: War axe           |   165 |   183 ||   348
Evoke: Wand              |     2 |     3 ||     5
  Use: Scroll            |       |     3 ||     3
       Potion            |       |     1 ||     1
  Eat: Chunk             |     2 |     4 ||     6
Armor: Scale mail        |    66 |    73 ||   139
Dodge: Dodged            |    53 |    54 ||   107
Block: Shield            |    81 |    27 ||   108
       Buckler           |       |    26 ||    26
